AoeStats
← りしれ供さ小

Pilgrims

510072614Analyzed
4v4 RM · 3d ago on Sep 29, 2026· 36m 5s· 8 players
Game mode
Random Map
Map size
Large (8 player)
Population
200
Speed
Normal
Resources
Standard
Victory
Conquest
Starting age
Dark Age
Ending age
Imperial Age
RankedLock teamsTeams togetherTeam positionsShared explorationLock speedFull tech treeHidden civsTurbo modeCheats
Victory
Defeat
🇹🇷 Vikings · Türkiye
972
+14
🇪🇸 Lithuanians · Spain
950
+15
🇮🇳 Italians · India
949
+15
🇨🇳 Varangians · China
922
+16
🇪🇸 Persians · Spain
1013
-18
🇹🇼 Danes · Taiwan
901
-14
🇹🇼 Shu · Taiwan
901
-14
🇹🇼 Varangians · Taiwan
892
-14
Pp
9:23 Loom
11:12 Feudal Age
12:03 Fishing Lines
14:13 Double-Bit Axe
14:12 Horse Collar
20:43 Castle Age
21:58 Thumb Ring
21:51 Crossbowman
25:22 Padded Archer Armor
25:23 Fletching
25:38 Gillnets
26:13 Town Watch
28:40 Bodkin Arrow
29:12 Leather Archer Armor
30:44 Town Patrol
31:47 Heavy Plow
32:25 Bow Saw
34:04 Wheelbarrow
35:46 Hand Cart
35:30 Gold Mining
MacGyver (RubenS)
5:52 Loom
12:20 Feudal Age
13:06 Town Watch
14:02 Wheelbarrow
15:27 Double-Bit Axe
15:22 Horse Collar
18:43 Fishing Lines
24:15 Castle Age
22:11 Gold Mining
22:16 Stone Mining
24:38 Forging
24:33 Scale Barding Armor
25:18 Bloodlines
24:28 Light Cavalry
24:41 Demolition Ship
25:28 Gillnets
25:37 Pikeman
26:28 Scale Mail Armor
28:16 Bow Saw
28:57 Heavy Plow
all.eyes.on.farms
13:07 Feudal Age
15:02 Fishing Lines
15:18 Double-Bit Axe
16:48 Loom
19:55 Castle Age
18:03 Stone Mining
18:06 Gold Mining
22:07 Gold Shaft Mining
21:43 Bow Saw
21:33 Fletching
23:11 Bodkin Arrow
28:14 Careening
28:17 Clinker Construction
28:37 Ballistics
28:34 Padded Archer Armor
34:17 Imperial Age
大表哥
8:44 Loom
13:30 Feudal Age
22:08 Castle Age
20:57 Gold Mining
21:02 Stone Mining
21:05 Double-Bit Axe
23:03 Wheelbarrow
24:18 Stone Shaft Mining
27:13 Imperial Age
24:12 Pikeman
24:53 Squires
26:24 Forging
26:15 Scale Mail Armor
28:04 Town Watch
29:06 Ballistics
30:46 Arson
33:04 Horse Collar
EL CID
7:33 Loom
12:40 Feudal Age
18:35 Castle Age
16:37 Double-Bit Axe
19:50 Medium Warships
33:37 Imperial Age
31:09 Pikeman
31:50 Squires
32:28 Scale Mail Armor
32:38 Forging
りしれ供さ小
12:04 Loom
15:44 Feudal Age
16:20 Fishing Lines
21:03 Castle Age
20:04 Wheelbarrow
21:56 Fletching
22:06 Padded Archer Armor
22:08 Scale Mail Armor
22:18 Forging
22:26 Double-Bit Axe
23:02 Medium Warships
24:07 Gillnets
24:14 Town Watch
26:04 Hand Cart
26:34 Leather Archer Armor
28:04 Hamask
29:21 Chain Mail Armor
30:19 Bow Saw
31:07 Gold Mining
31:08 Stone Mining
31:53 Bodkin Arrow
32:03 Gambesons
32:18 Squires
32:04 Arson
33:12 Squires
35:01 Ballistics
武安侯
12:02 Loom
14:04 Feudal Age
16:30 Double-Bit Axe
20:44 Castle Age
19:28 Horse Collar
26:42 Forging
26:58 Bloodlines
29:05 Bow Saw
29:28 Gold Mining
30:31 Elite Skirmisher
35:04 Fletching
沒讀書嘛
5:35 Loom
11:31 Feudal Age
18:48 Fletching
19:02 Padded Archer Armor
21:05 Castle Age
20:03 Double-Bit Axe
22:12 Crossbowman
22:58 Thumb Ring
25:14 Wheelbarrow
25:25 Bodkin Arrow
25:56 Bow Saw
27:11 Treadmill Crane
28:59 Leather Archer Armor
29:23 Hand Cart
30:37 Ballistics
36:09 Imperial Age
Connection lost

Rejoining the realm…

Still unreachable

The connection could not be restored.

Session expired

The server has moved on; the page needs a fresh start.